 Dungeon Crawl Stone Soup version 0.22-a0-422-g9628fc8 (webtiles) character file.

51099 Jynxie the Warrior (level 14, -24/135 HPs)
             Began as a Minotaur Berserker on May 19, 2018.
             Was a High Priest of Trog.
             Killed from afar by a red draconian (31 damage)
             ... with a searing blast
             ... in a volcano.
             The game lasted 03:04:16 (22759 turns).

Jynxie the Warrior (Minotaur Berserker)            Turns: 22759, Time: 03:04:17

Health: -24/135    AC: 25    Str: 33    XL:     14   Next: 22%
Magic:  4/4        EV: 14    Int:  4    God:    Trog [*****.]
Gold:   1316       SH:  0    Dex:  9    Spells: 13/13 levels left

rFire    . . .     SeeInvis .   W - +3 battleaxe (antimagic)
rCold    + . .     Gourm    .   (shield currently unavailable)
rNeg     + . .     Faith    +   K - +7 chain mail of Gravitas {Str+5 Dex-3}
rPois    .         Spirit   .   (helmet restricted)
rElec    .         Reflect  .   y - +2 cloak {rC+}
rCorr    .         Harm     .   v - +0 pair of gloves {archery}
MR       +....     Clarity  +   (no boots)
Stlth    ..........             e - amulet of faith
HPRegen  0.32/turn              r - +5 ring of strength
MPRegen  0.09/turn              a - ring of positive energy

@: berserk cooldown, very slightly contaminated, slowed, invisible, very slow
A: retaliatory headbutt, horns 2, blurry vision 2, clarity, weak 1
a: Berserk, Trog's Hand, Brothers in Arms, Renounce Religion


You were in a volcano.
You worshipped Trog.
Trog was extremely pleased with you.
You were not hungry.

You visited 3 branches of the dungeon, and saw 17 of its levels.
You also visited: Ossuary, Ice Cave and Volcano.

You collected 1316 gold pieces.

Inventory:

Hand Weapons
 D - the +1 rapier "Nakhlogidgh" {freeze, Int-2 Dex+2 SInv}
   (You found it on level 11 of the Dungeon)

   It has been specially enchanted to freeze those struck by it, causing extra
   injury to most foes and up to half again as much damage against particularly
   susceptible opponents.
   It can also slow down cold-blooded creatures.
   It affects your intelligence (-2).
   It affects your dexterity (+2).
   It lets you see invisible.
 F - the +1 mace of Cataclysm {drain, rC+ Str+4 Stlth+}
   (You found it on level 7 of the Dungeon)

   A truly terrible weapon, it drains the life of those it strikes.
   It affects your strength (+4).
   It protects you from cold.
   It makes you more stealthy.
 W - a +3 antimagic battleaxe (weapon)
Missiles
 n - a javelin of returning (quivered)
 V - 3 poisoned tomahawks
Armour
 o - a scarf of cloud immunity
 v - a +0 pair of gloves of archery (worn)
 w - a +2 ring mail of poison resistance
 y - a +2 cloak of cold resistance (worn)
 K - the +7 chain mail of Gravitas (worn) {Str+5 Dex-3}
   (You found it on level 5 of the Dungeon)

   It affects your strength (+5).
   It affects your dexterity (-3).
Jewellery
 a - a ring of positive energy (right hand)
 d - an uncursed ring of protection from cold
 e - an amulet of faith (around neck)
 r - a +5 ring of strength (left hand)
 B - a -5 ring of dexterity
 Z - an uncursed ring of ice
Wands
 g - a wand of polymorph (23)
 s - a wand of digging (22)
 C - a wand of iceblast (9)
 H - a wand of scattershot (5)
 X - a wand of acid (8)
Scrolls
 b - 2 scrolls of enchant armour
 f - 3 scrolls of remove curse
 h - a scroll of vulnerability {unknown}
 j - a scroll of blinking
 m - 2 scrolls of fear
 q - 5 scrolls of enchant weapon
 A - 11 scrolls of teleportation
 E - a scroll of magic mapping
 M - 2 scrolls of fog
 Q - a scroll of amnesia {unknown}
 U - a scroll of holy word {unknown}
 Y - 2 scrolls of identify
Potions
 i - 2 potions of flight
 k - a potion of magic
 l - 3 potions of berserk rage
 t - 2 potions of brilliance
 u - 3 potions of might
 z - a potion of agility {unknown}
 G - 4 potions of lignification
 J - 7 potions of curing
 L - a potion of cancellation {unknown}
 N - a potion of heal wounds
 O - 2 potions of mutation
 P - 3 potions of haste
 R - a potion of ambrosia
 S - 2 potions of resistance
Comestibles
 c - 14 rations


   Skills:
 * Level 15.3 Fighting
 * Level 13.1(14.0) Axes
 - Level 8.9(12.1) Maces & Flails
 - Level 6.3 Throwing
 * Level 14.9 Armour
 + Level 10.5 Dodging


You had 13 spell levels left.
You didn't know any spells.
Your spell library contained the following spells:

 Spells                   Type           Power        Failure   Level  Hunger
 Cause Fear               Hex            #.........   100%        4    #####..
 Magic Dart               Conj           #...         86%         1    ##.....
 Apportation              Tloc           #.....       86%         1    ##.....
 Conjure Flame            Conj/Fire      #.......     99%         3    ####...
 Bolt of Cold             Conj/Ice       #.........   100%        6    #######
 Slow                     Hex            #.......     94%         2    ###....
 Confuse                  Hex            #.......     99%         3    ####...
 Controlled Blink         Tloc           N/A          100%        8    #######
 Freezing Cloud           Conj/Ice/Air   #.........   100%        6    #######
 Mephitic Cloud           Conj/Pois/Air  #.......     99%         3    ####...
 Summon Small Mammal      Summ           #...         86%         1    ##.....
 Blink                    Tloc           N/A          94%         2    ###....
 Animate Skeleton         Necr           N/A          86%         1    ##.....
 Ozocubu's Refrigeration  Ice            #.........   100%        6    #######
 Call Imp                 Summ           #.......     94%         2    ###....
 Stone Arrow              Conj/Erth      #.....       99%         3    ####...
 Ice Form                 Ice/Tmut       #.......     100%        4    #####..
 Confusing Touch          Hex            #.....       86%         1    ##.....
 Passwall                 Tmut/Erth      #.........   94%         2    ###....
 Metabolic Englaciation   Hex/Ice        #.........   100%        5    ######.
 Dispersal                Tloc           #.........   100%        6    #######
 Corona                   Hex            #......      86%         1    ##.....
 Lee's Rapid Deconstruct  Erth           #.........   100%        5    ######.
 Sandblast                Erth           #.....       86%         1    ##.....
 Simulacrum               Ice/Necr       #.........   100%        6    #######
 Portal Projectile        Hex/Tloc       #.....       99%         3    ####...
 Petrify                  Tmut/Erth      #.......     100%        4    #####..
 Leda's Liquefaction      Hex/Erth       #.........   100%        4    #####..
 Inner Flame              Hex/Fire       #.......     99%         3    ####...
 Disjunction              Tloc           #.........   100%        8    #######
 Force Lance              Conj/Tloc      #.......     100%        4    #####..
 Gell's Gravitas          Tloc           #.........   99%         3    ####...
 Yara's Violent Unravell  Hex/Tmut       #.........   100%        5    ######.


Dungeon Overview and Level Annotations

Branches:
Dungeon (11/15)            Temple (1/1) D:5            Lair (5/6) D:11
 Shoals (0/4) Lair:3       Spider (0/4) Lair:4          Orc (0/2) D:9
  Slime: Lair:5-6

Altars:
Ashenzari
Cheibriados
Dithmenos
Elyvilon
Fedhas
Gozag
Hepliaklqana
Kikubaaqudgha
Makhleb
Nemelex Xobeh
Okawaru
Qazlal
Ru
Sif Muna
Trog
Uskayaw
Vehumet
Wu Jian
Xom
Yredelemnul
Zin
The Shining One
Beogh


Innate Abilities, Weirdness & Mutations

You reflexively headbutt those who attack you in melee.
You have a pair of horns on your head.
Scrolls take you longer to read.
You possess an exceptional clarity of mind.
You are weak. (Str -2)


Message History

You see here an arrow.
The salamander hits you from afar with a halberd!
You are engulfed in flames!
* * * LOW HITPOINT WARNING * * *
The red draconian hits you from afar with a halberd of flaming!
* * * LOW HITPOINT WARNING * * *
The red draconian burns you.
* * * LOW HITPOINT WARNING * * *
The salamander barely misses you.
The red draconian hits you but does no damage.
The red draconian breathes flames at you.
The searing blast hits the salamander.
The salamander completely resists.
The searing blast hits you!
* * * LOW HITPOINT WARNING * * *
The salamander hits you but does no damage.
You fade into invisibility!
You are very lightly contaminated with residual magic.
The red draconian breathes flames at you.
The searing blast hits you!
You die...

§≈≈≈≈§§.# #.8_8.# #.§§≈≈§≈≈
≈≈≈≈≈≈§.# #.))..# #.≈≈§§≈≈≈
≈§≈§§§§.###++###'###++###.≈≈≈§≈≈≈
≈≈≈≈≈§§§#......#N#......#..§§§§§§
≈≈≈≈≈§≈§######.#N#.######.§§≈≈≈≈≈
≈≈≈≈≈§§.# #d# #§.≈≈§≈≈≈ ≈§≈≈§§≈.#
#§# #§≈≈≈§≈≈≈ §≈≈≈≈≈§.# #.#
#§≈≈≈§≈≈≈ §≈§§≈≈§.# #@# #..≈§≈≈≈≈
§≈≈≈§§§.########'########.§≈≈≈≈≈§
≈§≈≈§§≈≈..........§.........≈≈...
§§≈§§≈§§≈≈≈≈≈≈≈§≈≈≈≈§§≈≈≈≈≈≈..≈≈≈
§§≈≈§§§≈≈≈≈≈≈§≈≈≈≈≈≈§§§≈≈≈≈≈≈§≈≈≈
§§§§≈≈§§§≈≈§§§≈§≈§≈≈≈§§§≈≈≈≈≈§≈≈§
§§≈≈≈≈§§≈§≈≈≈≈≈≈§≈§≈≈≈≈≈≈≈§≈≈≈§≈≈
≈§≈§§≈≈≈≈≈≈§≈§§§≈≈§§≈≈≈≈§§§§≈§§..
≈≈≈≈≈≈≈≈.....≈§§§§§≈≈≈≈≈§§§§.≈...


You could see a red draconian and 2 salamanders.

Vanquished Creatures
  Gastronok (Lair:2)
  A frost giant (IceCv)
  A dire elephant (Lair:4)
  4 hydras (Lair:4)
  A catoblepas (Lair:3)
  6 two-headed ogres
  4 death yaks
  Nergalle (Lair:4)
  A salamander mystic (Volcano)
  The ghost of Curus the Martial Artist, a novice MfTm of Okawaru (D:7)
  A lindwurm (Lair:4)
  Pikel (D:7)
  An oklob plant (Lair:3)
  2 salamanders (Volcano)
  2 merfolk sirens (Lair:3)
  2 cyclopes (D:11)
  6 black mambas
  A torpor snail (Lair:4)
  An ice statue (IceCv)
  4 elephants
  2 spiny frogs
  4 komodo dragons
  A centaur skeleton (D:11)
  3 rime drakes
  A troll (D:9)
  A merfolk (Lair:3)
  3 jumping spiders (Lair:4)
  18 polar bears
  13 blink frogs
  A hornet (D:9)
  5 dream sheep (Lair:4)
  7 hippogriffs
  A redback (Lair:4)
  2 spriggans
  29 yaks
  2 fire bats (Volcano)
  3 basilisks
  A hungry ghost (D:9)
  8 water moccasins
  9 porcupines
  7 orc warriors
  2 ice beasts
  The ghost of CapnJeff the Skirmisher, an amateur HOFi of Xom (D:3)
  3 sky beasts
  2 black bears
  11 ogres
  5 centaurs
  15 wolves
  16 crocodiles
  2 big kobolds
  An elf zombie (Ossuary)
  A gnoll sergeant (D:9)
  7 bullfrogs
  4 scorpions (D:11)
  3 killer bees (D:8)
  4 wights (D:6)
  5 electric eels
  7 lava snakes (Volcano)
  3 crimson imps
  2 centaur zombies
  A quasit (D:6)
  A gnoll shaman (D:9)
  4 human zombies (Ossuary)
  4 jellies
  12 orc priests
  4 hounds
  Crazy Yiuf (D:7)
  2 bullfrog skeletons
  5 iguanas
  7 orc wizards
  11 worker ants
  A killer bee zombie (D:9)
  A big kobold zombie (Ossuary)
  2 mummies (Ossuary)
  2 howler monkey zombies
  18 gnolls
  A howler monkey skeleton (D:2)
  7 adders
  An ooze (D:2)
  An adder skeleton (D:5)
  2 adder zombies
  3 worms
  4 dart slugs
  4 leopard geckos
  30 orcs
  5 giant cockroaches
  10 hobgoblins
  12 jackals
  17 kobolds
  3 quokkas
  2 ball pythons
  A bat (D:1)
  13 frilled lizards
  A giant cockroach zombie (D:6)
  4 goblins
  A goblin zombie (Ossuary)
  11 hobgoblin zombies (Ossuary)
  A jackal skeleton (D:4)
  2 jackal zombies (Ossuary)
  4 kobold zombies (Ossuary)
  A leopard gecko skeleton (D:6)
  11 orc zombies (Ossuary)
  A quokka skeleton (D:4)
  10 rats
  A rat zombie (Ossuary)
  6 fungi
  3 plants
506 creatures vanquished.

Vanquished Creatures (collateral kills)
  A death yak (Lair:3)
  A black mamba (Lair:3)
  A wyvern (Lair:3)
3 creatures vanquished.

Vanquished Creatures (others)
  5 bushes (D:11)
  15 fungi
  19 plants
  15 toadstools
54 creatures vanquished.

Grand Total: 563 creatures vanquished

Notes
Turn   | Place    | Note
-------+----------+-------------------------------------------
     0 | D:1      | Jynxie the Minotaur Berserker began the quest for the Orb.
     0 | D:1      | Reached XP level 1. HP: 19/19 MP: 0/0
   263 | D:1      | Reached XP level 2. HP: 21/27 MP: 1/1
   587 | D:1      | Reached skill level 4 in Fighting
   950 | D:2      | Reached ** piety under Trog
   987 | D:2      | Reached XP level 3. HP: 21/33 MP: 2/2
  1190 | D:2      | Reached skill level 1 in Throwing
  1190 | D:2      | Reached XP level 4. HP: 41/41 MP: 3/3
  1494 | D:2      | Found a faded altar of an unknown god.
  2037 | D:3      | Noticed CapnJeff's ghost (amateur HOFi)
  2047 | D:3      | Killed CapnJeff's ghost
  2047 | D:3      | Reached skill level 5 in Fighting
  2047 | D:3      | Reached XP level 5. HP: 48/48 MP: 4/4
  2280 | D:3      | Reached skill level 5 in Axes
  2284 | D:3      | Reached XP level 6. HP: 39/56 MP: 5/5
  2750 | D:4      | Reached *** piety under Trog
  2917 | D:4      | Found an ancient bone altar of Kikubaaqudgha.
  3049 | D:4      | Reached skill level 1 in Maces & Flails
  3071 | D:4      | Reached XP level 7. HP: 53/62 MP: 6/6
  4030 | D:5      | Entered Level 5 of the Dungeon
  4056 | D:5      | Reached skill level 6 in Fighting
  4292 | D:5      | Reached skill level 5 in Armour
  4694 | D:5      | Found a staircase to the Ecumenical Temple.
  4863 | D:5      | Found a hide-covered altar of Uskayaw.
  4866 | D:5      | Found a radiant altar of Vehumet.
  4866 | D:5      | Found a glowing silver altar of Zin.
  4869 | D:5      | Found an opulent altar of Gozag.
  4869 | D:5      | Found a blossoming altar of Fedhas.
  4869 | D:5      | Found a shimmering altar of Xom.
  4874 | D:5      | Got a pitted chain mail
  5032 | D:5      | Identified the +7 chain mail of Gravitas {Str+5 Dex-3} (You found it on level 5 of the Dungeon)
  5754 | D:6      | Reached XP level 8. HP: 64/71 MP: 7/7
  6180 | D:6      | Reached skill level 7 in Fighting
  7143 | D:7      | Found a sand-covered staircase.
  7157 | Ossuary  | Entered an ossuary
  7348 | Ossuary  | Reached **** piety under Trog
  7380 | Ossuary  | Reached skill level 5 in Maces & Flails
  7380 | Ossuary  | Reached skill level 5 in Dodging
  7971 | D:7      | Noticed a two-headed ogre
  7981 | D:7      | Killed a two-headed ogre
  7981 | D:7      | Reached skill level 8 in Fighting
  7981 | D:7      | Reached skill level 5 in Throwing
  7981 | D:7      | Reached XP level 9. HP: 70/82 MP: 8/8
  8001 | D:7      | Noticed Curus's ghost (novice MfTm)
  8178 | D:7      | Killed Curus's ghost
  8722 | D:7      | Noticed Pikel
  8788 | D:7      | Killed Pikel
  8788 | D:7      | Reached skill level 9 in Fighting
  8919 | D:7      | Found a runed door.
  8923 | D:7      | Noticed Crazy Yiuf
  8930 | D:7      | Killed Crazy Yiuf
  8949 | D:7      | Got a slimy mace
  9106 | D:7      | Reached XP level 10. HP: 91/91 MP: 9/9
  9538 | D:7      | Found a bloodstained altar of Trog.
  9825 | D:8      | Reached ***** piety under Trog
 10254 | D:8      | Noticed a two-headed ogre
 10259 | D:8      | Killed a two-headed ogre
 10377 | D:8      | Found a stormy altar of Qazlal.
 10481 | D:8      | Reached skill level 10 in Fighting
 11246 | D:9      | Found a burning altar of Makhleb.
 11354 | D:9      | Found a staircase to the Orcish Mines.
 11379 | D:9      | Found a roughly hewn altar of Beogh.
 11382 | D:9      | Received a gift from Trog
 11446 | D:9      | Identified the cursed +1 mace of Cataclysm {drain, rC+ Str+4 Stlth+} (You found it on level 7 of the Dungeon)
 11799 | D:9      | Reached skill level 10 in Armour
 12034 | D:9      | Noticed a two-headed ogre
 12036 | D:9      | Reached XP level 11. HP: 101/101 MP: 10/10
 12048 | D:9      | Killed a two-headed ogre
 12536 | D:9      | Found an ornate altar of the Wu Jian Council.
 12966 | Temple   | Entered the Ecumenical Temple
 13190 | D:10     | Entered Level 10 of the Dungeon
 13284 | D:10     | Noticed a two-headed ogre
 13290 | D:10     | Killed a two-headed ogre
 13290 | D:10     | Reached skill level 11 in Fighting
 13722 | D:11     | Found a frozen archway.
 13730 | IceCv    | Entered an ice cave
 14180 | IceCv    | Reached skill level 12 in Fighting
 14203 | IceCv    | Noticed a frost giant
 14219 | IceCv    | Killed a frost giant
 14219 | IceCv    | Reached XP level 12. HP: 37/112 MP: 11/11
 14238 | IceCv    | Received a gift from Trog
 15091 | D:11     | Noticed a two-headed ogre
 15091 | D:11     | Noticed a two-headed ogre
 15096 | D:11     | Killed a two-headed ogre
 15098 | D:11     | Killed a two-headed ogre
 15441 | D:11     | Got a faintly glowing rapier
 15571 | D:11     | Found a staircase to the Lair.
 15599 | D:11     | Received a gift from Trog
 15751 | D:11     | Reached skill level 10 in Axes
 16113 | Lair:1   | Entered Level 1 of the Lair of Beasts
 16169 | Lair:1   | Reached skill level 13 in Fighting
 16250 | Lair:1   | Identified the cursed +1 rapier "Nakhlogidgh" {freeze, Int-2 Dex+2 SInv} (You found it on level 11 of the Dungeon)
 16259 | Lair:1   | Gained mutation: You are weak. (Str -2) [potion of mutation]
 16259 | Lair:1   | Gained mutation: Scrolls take you a little longer to read. [potion of mutation]
 16259 | Lair:1   | Gained mutation: Scrolls take you longer to read. [potion of mutation]
 16259 | Lair:1   | Gained mutation: You possess an exceptional clarity of mind. [potion of mutation]
 17207 | Lair:2   | Noticed Gastronok
 17219 | Lair:2   | Killed Gastronok
 17448 | Lair:2   | Received a gift from Trog
 17483 | Lair:2   | Reached XP level 13. HP: 122/122 MP: 4/12
 17605 | Lair:2   | Found a hazy altar of Hepliaklqana.
 18064 | Lair:3   | HP: 3/123 [death yak (10)]
 18069 | Lair:2   | HP: 4/123 [poisoned by a black mamba]
 18178 | Lair:2   | Reached skill level 14 in Fighting
 18516 | Lair:3   | Received a gift from Trog
 18857 | Lair:3   | Received a gift from Trog
 19110 | Lair:3   | Received a gift from Trog
 19229 | Lair:3   | Reached skill level 10 in Dodging
 19540 | Lair:3   | Found a staircase to the Shoals.
 20062 | Lair:4   | Found a hole to the Spider Nest.
 20462 | Lair:4   | Noticed Nergalle
 20471 | Lair:4   | Killed Nergalle
 20963 | Lair:4   | Found a runed door.
 21172 | Lair:4   | Reached XP level 14. HP: 133/133 MP: 13/13
 21175 | Lair:4   | Reached skill level 15 in Fighting
 21908 | Lair:5   | Found a dark tunnel.
 21929 | Volcano  | Entered a volcano
 22279 | Volcano  | Received a gift from Trog
 22741 | Volcano  | Found a burning altar of Makhleb.
 22756 | Volcano  | HP: 6/135 [red draconian/searing blast (13)]
 22759 | Volcano  | Killed from afar by a red draconian

Vault maps used:
D:1:      ldierk_water_garden, minmay_misc_feat_four_crosses, minmay_bisected
D:2:      chequers_ecumenical_altar_twisty, first_ration, minmay_lizard_pond
D:4:      kiku_gazebo_pond_becter
D:5:      minmay_temple_entry_from_below_b, hex_large, doesnt_xom_only_xom
D:6:      serial_bayou_pond_c
D:7:      enter_ossuary_2, minmay_misc_feat_pillars, trog_butcher_becter,
          uniq_crazy_yiuf_cottage, uniq_pikel
D:8:      old_standard_altar
D:9:      kennysheep_housing_project, lemuel_doored_altar, kennysheep_mini,
          minmay_orc_entry_temple_small
D:11:     minmay_lair_entry_grove, portal_ice_cave_entry_pillars_1, the_bakery
Temple:   hc_temple_tempest_star
Lair:1:   serial_bayou_lake_a
Lair:2:   basic_altar, beast_lair_carwin_9, uniq_gastronok
Lair:3:   elwin_shoals_entry_rooms, minivault_25, forest_entry_grove
Lair:4:   gammafunk_lair_enchanted_lake, spider_nest_entry_a, st_stairs_7,
          beast_lair_carwin_2, uniq_nergalle
Lair:5:   nicolae_volcano_entry_hallway, basic_altar, uniq_nessos
Ossuary:  ossuary_tomb_1
IceCv:    ice_cave_small_giant
Volcano:  volcano_lake

Skill      XL: |  1  2  3  4  5  6  7  8  9 10 11 12 13 14 |
---------------+-------------------------------------------+-----
Fighting       | 4 5 6 8 9 10 12 13 14 15 | 15.3
Axes           | 4 5 6 8 11 12 13 | 13.1
Armour         | 3 4 5 7 8 10 11 13 14 | 14.9
Throwing       | 1 2 3 5 6 |  6.3
Dodging        | 3 4 5 6 8 9 10 | 10.5
Maces & Flails | 1 3 6 7 8 |  8.9

Action                   |  1- 3 |  4- 6 |  7- 9 | 10-12 | 13-15 || total
-------------------------+-------+-------+-------+-------+-------++-------
Melee: Hand axe          |    66 |    63 |       |       |       ||   129
       Headbutt          |     9 |    10 |    47 |   173 |    76 ||   315
       Flail             |       |     5 |   228 |    85 |       ||   318
       Long sword        |       |       |       |    59 |       ||    59
       Mace              |       |       |       |   321 |    83 ||   404
       Battleaxe         |       |       |       |    94 |   208 ||   302
Throw: Tomahawk          |     3 |    58 |    41 |     6 |     8 ||   116
       Stone             |       |    11 |     9 |       |       ||    20
       Javelin           |       |       |       |     6 |    78 ||    84
Invok: Berserk           |     3 |     4 |    13 |    15 |    14 ||    49
       Trog's Hand       |       |     1 |     3 |     7 |     4 ||    15
       Brothers in Arms  |       |       |       |       |     1 ||     1
Evoke: Wand              |       |       |       |       |     2 ||     2
  Use: Scroll            |     3 |     5 |     6 |    11 |     3 ||    28
       Potion            |       |       |     5 |     4 |     5 ||    14
  Eat: Chunk             |     3 |    10 |    14 |    22 |    13 ||    62
       Ration            |       |       |     5 |     7 |     6 ||    18
Armor: Ring mail         |    16 |    12 |       |       |       ||    28
       Scale mail        |       |     1 |    32 |       |       ||    33
       Chain mail        |       |       |   154 |   258 |   173 ||   585
Dodge: Dodged            |    29 |    34 |   125 |   276 |   215 ||   679
Block: Large shield      |       |       |       |    47 |       ||    47
       Rpst.: Long sword |       |       |       |     3 |       ||     3

Table legend:
 A = Spawn XP
 B = Non-spawn XP
 C = Spawn XP percentage of total XP
 D = Spawn monster count
 E = Non-spawn monster count
 F = Spawn count percentage of total count
 G = Total turns spent on level
                    A         B        C        D         E        F      G
               +---------+---------+-------+---------+---------+-------+---------
         Total |       0 |   72999 |   0.0 |       0 |     500 |   0.0 | 22759
               +---------+---------+-------+---------+---------+-------+---------
           D:1 |       0 |      30 |   0.0 |       0 |      19 |   0.0 |   863
           D:2 |       0 |     117 |   0.0 |       0 |      27 |   0.0 |   961
           D:3 |       0 |     277 |   0.0 |       0 |      23 |   0.0 |   924
           D:4 |       0 |     472 |   0.0 |       0 |      15 |   0.0 |  1282
           D:5 |       0 |     499 |   0.0 |       0 |      20 |   0.0 |  1736
           D:6 |       0 |     897 |   0.0 |       0 |      28 |   0.0 |  1375
           D:7 |       0 |    3445 |   0.0 |       0 |      32 |   0.0 |  1992
           D:8 |       0 |    2329 |   0.0 |       0 |      27 |   0.0 |  1393
           D:9 |       0 |    3825 |   0.0 |       0 |      58 |   0.0 |  1770
          D:10 |       0 |    1433 |   0.0 |       0 |       6 |   0.0 |   532
          D:11 |       0 |    5761 |   0.0 |       0 |      27 |   0.0 |  1333
        Lair:1 |       0 |    2940 |   0.0 |       0 |      15 |   0.0 |   990
        Lair:2 |       0 |    8341 |   0.0 |       0 |      28 |   0.0 |  1289
        Lair:3 |       0 |   13213 |   0.0 |       0 |      44 |   0.0 |  1429
        Lair:4 |       0 |   14807 |   0.0 |       0 |      37 |   0.0 |  2074
        Lair:5 |       0 |    1691 |   0.0 |       0 |       7 |   0.0 |    34
       Ossuary |       0 |     361 |   0.0 |       0 |      39 |   0.0 |   779
         IceCv |       0 |   10019 |   0.0 |       0 |      36 |   0.0 |  1058
       Volcano |       0 |    2542 |   0.0 |       0 |      12 |   0.0 |   830
               +---------+---------+-------+---------+---------+-------+---------
